 Dungeon Crawl Stone Soup version 0.21-a0-185-g3a6ed1e (webtiles) character file.

3299 Monsterracer the Grappler (level 10, 0/87 HPs)
             Began as a Naga Transmuter on Aug 12, 2017.
             Was a Follower of Cheibriados.
             Slain by a wolf (9 damage)
             ... led by Grum
             ... on level 8 of the Dungeon.
             The game lasted 00:20:25 (7924 turns).

Monsterracer the Grappler (Naga Transmuter)         Turns: 7924, Time: 00:20:25

Health: 0/87       AC:  6    Str: 15    XL:     10   Next: 1%
Magic:  9/13       EV: 12    Int: 18    God:    Cheibriados [*.....]
Gold:   255        SH:  0    Dex: 14    Spells: 3/13 levels left

rFire    + . .     SeeInvis +     - Unarmed
rCold    . . .     Gourm    .   (shield currently unavailable)
rNeg     . . .     Faith    .   b - +1 robe
rPois    +         Spirit   .   E - +0 helmet
rElec    .         Reflect  .   (no cloak)
rCorr    .         Harm     .   (gloves currently unavailable)
MR       +....                  (no barding)
Stlth    +.........             g - amulet of regeneration
HPRegen  0.64/turn              m - ring of wizardry
MPRegen  0.13/turn              j - ring of protection from fire

@: about to teleport, blade hands, hasted, slow
A: see invisible, deformed body, poison resistance, slowness 2, slow metabolism
1, spit poison 1, AC +3
a: Spit Poison, End Transformation, Bend Time, Renounce Religion


You were on level 8 of the Dungeon.
You worshipped Cheibriados.
Cheibriados was aware of your devotion.
You were hungry.
You had blades for hands.
You visited 2 branches of the dungeon, and saw 9 of its levels.

You collected 255 gold pieces.

Inventory:

Missiles
 a - 123 arrows
Armour
 b - a +1 robe (worn)
 s - a +2 pair of gloves (melded)
 x - a +1 buckler of protection
 E - a +0 helmet (worn)
Jewellery
 g - an amulet of regeneration (around neck)
 j - a ring of protection from fire (right scythe-like blade)
 m - a ring of wizardry (left scythe-like blade)
Wands
 l - a wand of confusion (31/48)
 p - a wand of flame (24/48)
 t - a wand of confusion (37/48)
 u - a wand of polymorph (10/24)
 y - a wand of acid (5/15)
 C - a wand of lightning (7/15)
 D - a wand of flame (44/48)
Scrolls
 e - 2 scrolls of remove curse
 i - 2 scrolls of teleportation
 o - 2 scrolls of enchant armour
 q - a scroll of magic mapping
Potions
 f - 2 potions of cancellation
 h - 4 potions of magic
 k - a potion of heal wounds
 n - 2 potions of flight
Books
 c - a book of Changes

   Spells                             Type                      Level
   a - Beastly Appendage              Transmutation                1
   b - Sticks to Snakes               Transmutation                2
   c - Spider Form                    Transmutation/Poison         3
   d - Ice Form                       Ice/Transmutation            4
   e - Blade Hands                    Transmutation                5
 r - a book of Misfortune

   Spells                             Type                      Level
   a - Confusing Touch                Hexes                        1
   b - Confuse                        Hexes                        3
   c - Gell's Gravitas                Translocation                3
   d - Petrify                        Transmutation/Earth          4
   e - Metabolic Englaciation         Hexes/Ice                    5
   f - Yara's Violent Unravelling     Hexes/Transmutation          5
 A - a book of Necromancy

   Spells                             Type                      Level
   a - Pain                           Necromancy                   1
   b - Animate Skeleton               Necromancy                   1
   c - Vampiric Draining              Necromancy                   3
   d - Regeneration                   Charms/Necromancy            3
   e - Animate Dead                   Necromancy                   4
   f - Control Undead                 Necromancy                   4
 B - a book of Frost

   Spells                             Type                      Level
   a - Freeze                         Ice                          1
   b - Throw Frost                    Conjuration/Ice              2
   c - Ozocubu's Armour               Charms/Ice                   3
   d - Throw Icicle                   Conjuration/Ice              4
   e - Summon Ice Beast               Ice/Summoning                4
Comestibles
 d - 6 bread rations
 v - 3 fruits
 w - 7 royal jellies
 F - a meat ration


   Skills:
 + Level 4.8 Fighting
 + Level 4.1 Dodging
 * Level 8.6 Unarmed Combat
 - Level 2.0 Spellcasting
 * Level 8.4 Transmutations
 - Level 1.5 Poison Magic
 + Level 3.5 Invocations


You had 3 spell levels left.
You knew the following spells:

 Your Spells              Type           Power        Failure   Level  Hunger
b - Sticks to Snakes      Tmut           ####....     6%          2    ###....
c - Spider Form           Tmut/Pois      ###.......   16%         3    ###....
d - Blade Hands           Tmut           ####......   26%         5    ######.


Dungeon Overview and Level Annotations

Branches:
Dungeon (8/15)             Temple (1/1) D:6
   Lair: D:8-11

Altars:
Ashenzari
Cheibriados
Dithmenos
Elyvilon
Fedhas
Gozag
Kikubaaqudgha
Makhleb
Nemelex Xobeh
Okawaru
Ru
Sif Muna
Trog
Uskayaw
Vehumet
Wu Jian
Xom
Yredelemnul
Zin
The Shining One

Annotations:
D:8 Grum


Innate Abilities, Weirdness & Mutations

You cannot wear boots.
Your serpentine skin is tough. (AC +3)
You have supernaturally acute eyesight. (SInv)
Armour fits poorly on your strangely shaped body.
Your system is resistant to poisons. (rPois)
You cover ground very slowly.
You have a slow metabolism.
You can spit poison.


Message History

Grum looks and grunts, "Time to put down the runt of the litter."
Grum misses you. The wolf bites you.
* * * LOW HITPOINT WARNING * * *
Damage: -3%(-3hp) hp: 33%(28hp) Unknown command.
The crimson imp blinks!
The wolf closely misses you. The wolf barely misses you. The wolf bites you.
* * * LOW HITPOINT WARNING * * *
The wolf bites you.
* * * LOW HITPOINT WARNING * * *
The crimson imp blinks!
The wolf bites you but does no damage. The wolf bites you!
* * * LOW HITPOINT WARNING * * *
Huge Dmg: -17%(-15hp) hp: 17%(14hp)
As you read the scroll of teleportation, it crumbles to dust.
You feel strangely unstable. The wolf bites you.
* * * LOW HITPOINT WARNING * * *
Grum closely misses you. The wolf bites you!
You die...

# #####.. ### ....5..
#<#############.....5#
#/..§@hgh.....'...h...
#....h.###..#.#.....§.
#.>.5.......#.§g...g..
#...........#.######'#
#:..#######.#.#
###.........#.#
#########.#.# #.#.#
###.#


You could see Grum, 3 wolves and a crimson imp.

Vanquished Creatures
  The ghost of namelastname112 the Skirmisher, a novice DrWn (D:5)
  A human (D:7)
  Sigmund (D:2)
  4 hogs (D:7)
  An ogre (D:7)
  3 centaurs
  6 bullfrogs
  A water moccasin zombie (D:4)
  3 killer bees (D:7)
  4 wights (D:7)
  A howler monkey (D:7)
  3 crimson imps
  4 bullfrog zombies
  A centaur zombie (D:4)
  3 orc wizards
  A bullfrog skeleton (D:5)
  A hound (D:7)
  An orc priest (D:7)
  A centaur skeleton (D:4)
  Natasha (thrice) (D:2)
  An iguana (D:6)
  6 worker ants
  A killer bee zombie (D:7)
  A hound skeleton (D:4)
  A hound zombie (D:4)
  3 howler monkey zombies (D:4)
  4 worker ant zombies (D:4)
  7 adders
  A shadow imp (D:5)
  2 oozes
  2 adder zombies (D:4)
  6 adder skeletons (D:4)
  2 worms
  A dart slug (D:3)
  4 leopard geckos
  9 orcs
  5 giant cockroaches
  5 hobgoblins
  5 jackals
  4 quokkas
  A ball python (D:2)
  A ball python zombie (D:4)
  8 bats
  4 frilled lizards
  3 giant cockroach zombies
  10 goblins
  A jackal zombie (D:4)
  5 kobolds
  2 leopard gecko skeletons
  2 leopard gecko zombies (D:4)
  2 quokka zombies (D:4)
  6 rats
159 creatures vanquished.

Notes
Turn   | Place    | Note
-------+----------+-------------------------------------------
     0 | D:1      | Monsterracer the Naga Transmuter began the quest for the Orb.
     0 | D:1      | Reached XP level 1. HP: 18/18 MP: 3/3
    96 | D:1      | Found an iron altar of Okawaru.
   225 | D:1      | Reached XP level 2. HP: 24/25 MP: 5/5
   231 | D:1      | Learned a level 2 spell: Sticks to Snakes
   859 | D:1      | Reached XP level 3. HP: 23/31 MP: 4/6
   866 | D:1      | Learned a level 3 spell: Spider Form
  1321 | D:2      | Reached skill level 1 in Poison Magic
  1632 | D:2      | Noticed Natasha
  1638 | D:2      | Killed Natasha
  1638 | D:2      | Reached XP level 4. HP: 38/38 MP: 3/7
  1744 | D:2      | Noticed Sigmund
  1768 | D:2      | Killed Sigmund
  1768 | D:2      | Reached XP level 5. HP: 24/44 MP: 6/8
  1957 | D:2      | Found a blossoming altar of Fedhas.
  1967 | D:2      | Found a glowing golden altar of the Shining One.
  2281 | D:2      | Noticed Natasha
  2286 | D:2      | Killed Natasha
  2286 | D:2      | Reached skill level 5 in Unarmed Combat
  2286 | D:2      | Reached XP level 6. HP: 51/51 MP: 5/9
  2307 | D:2      | Noticed Natasha
  2315 | D:2      | Killed Natasha
  2699 | D:3      | Found a shimmering altar of Xom.
  2781 | D:3      | HP: 24/51 [orc wizard/hand axe (9)]
  3278 | D:4      | Reached skill level 5 in Transmutations
  3278 | D:4      | Reached XP level 7. HP: 42/58 MP: 10/10
  4424 | D:5      | Entered Level 5 of the Dungeon
  4553 | D:5      | Identified Sif Muna's Handbook of the Tired Stories
  4748 | D:5      | Reached XP level 8. HP: 50/68 MP: 11/11
  4760 | D:5      | Noticed namelastname112's ghost (novice DrWn)
  4784 | D:5      | Killed namelastname112's ghost
  5557 | D:6      | Learned a level 5 spell: Blade Hands
  5789 | D:6      | Found an ornate altar of the Wu Jian Council.
  6097 | D:6      | Found a staircase to the Ecumenical Temple.
  6176 | Temple   | Entered the Ecumenical Temple
  6282 | Temple   | Became a worshipper of Cheibriados the Contemplative
  6283 | Temple   | Was placed under penance by Cheibriados
  6617 | D:7      | Was forgiven by Cheibriados
  6617 | D:7      | Reached XP level 9. HP: 53/78 MP: 8/12
  6901 | D:7      | Reached skill level 1 in Invocations
  7485 | D:7      | HP: 37/79 [hog (8)]
  7497 | D:7      | HP: 21/79 [human/hand axe (13)]
  7642 | D:7      | Reached * piety under Cheibriados
  7642 | D:7      | Reached XP level 10. HP: 65/87 MP: 10/13
  7908 | D:8      | Noticed Grum
  7917 | D:8      | HP: 26/87 [Grum/halberd (19)]
  7919 | D:8      | HP: 6/87 [Grum/halberd (13)]
  7924 | D:8      | HP: 9/87 [wolf[Grum] (5)]
  7924 | D:8      | Slain by a wolf

Vault maps used:
D:1:      minmay_arrival_cross, minmay_misc_feat_four_crosses,
          okawaru_ov_weapons_minmay
D:2:      amethyst_overflow_temple_binary, uniq_sigmund, uniq_natasha
D:3:      lemuel_doored_altar
D:4:      serial_undead, serial_undead_a, serial_undead_c, serial_undead_c,
          serial_undead_a, serial_undead_f, serial_undead_d, serial_undead_d,
          serial_undead_e, serial_undead_a, serial_undead_d
D:5:      first_bread
D:6:      lemuel_round_altar, lemuel_temple_firewalk_a
D:7:      grunt_livestock
D:8:      kennysheep_little_box, uniq_psyche, uniq_joseph, uniq_grum,
          uniq_gastronok
Temple:   regret_index_temple_waves

Skill      XL: |  1  2  3  4  5  6  7  8  9 |
---------------+----------------------------+-----
Poison Magic   | 1 |  1.5
Unarmed Combat | 4 5 6 7 8 |  8.6
Transmutations | 3 4 5 7 8 |  8.4
Fighting       | 2 3 4 |  4.8
Dodging        | 2 3 4 |  4.1
Invocations    | 3 |  3.5
Spellcasting   | |  2.0

Action                   |  1- 3 |  4- 6 |  7- 9 | 10-12 || total
-------------------------+-------+-------+-------+-------++-------
Melee: Unarmed           |    84 |   144 |   430 |     9 ||   667
       Punch             |     2 |     2 |     5 |       ||     9
       Headbutt          |       |       |     3 |       ||     3
 Cast: Beastly Appendage |     3 |     2 |     1 |       ||     6
       Spider Form       |     4 |     8 |     5 |     1 ||    18
       Sticks to Snakes  |       |       |     1 |       ||     1
       Blade Hands       |       |       |     4 |     1 ||     5
Invok: Bend Time         |       |       |     1 |       ||     1
 Abil: Spit Poison       |    10 |    15 |     9 |     2 ||    36
       Evoke Berserk Rag |       |     1 |     4 |       ||     5
  Use: Scroll            |       |     7 |     8 |     1 ||    16
       Potion            |       |       |       |     2 ||     2
 Stab: Sleeping          |       |     1 |     2 |       ||     3
  Eat: Chunk             |     2 |     6 |    20 |       ||    28
       Fruit             |       |       |     2 |       ||     2
Armor: Robe              |    16 |    38 |   124 |     7 ||   185
       Skin              |     1 |     1 |     2 |       ||     4
Dodge: Dodged            |    43 |    80 |   223 |    20 ||   366
